 Dungeon Crawl Stone Soup version 0.14-a0-1844-g8283a67 (webtiles) character file.

25014 HollowCharge the Impaler (level 13, -14/80 HPs)
             Began as a Tengu Fighter on Jan 11, 2014.
             Was a Priest of the Shining One.
             Demolished by a death yak (17 damage)
             ... on Level 6 of the Lair of Beasts on Jan 12, 2014.
             The game lasted 02:05:06 (20440 turns).

HollowCharge the Impaler (Tengu Fighter)           Turns: 20440, Time: 02:05:07

HP -14/80        AC 18     Str 16      XL: 13   Next: 10%
MP   0/15        EV 10     Int  6      God: the Shining One [***...]
Gold 990         SH 26     Dex 24      Spells:  0 memorised, 12 levels left

rFire  . . .     SeeInvis +     w - +3,+2 spear
rCold  . . .     Clarity  +     N - +2 plate armour
rNeg   + . .     Conserve .     c - +1 shield
rPois  .         rCorr    .     (helmet restricted)
rElec  .         rRot     .     (no cloak)
SustAb . .       Spirit   +     b - +0 pair of gloves
rMut   .         Warding  .     (boots unavailable)
Saprov . . .     Stasis   .     p - amulet of guardian spirit
                                y - ring of see invisible
                                v - +1 ring of dexterity

@: agile, studying Polearms, glowing, somewhat resistant to hostile
enchantments, extremely unstealthy
A: able to fly, beak, talons 3, clarity, dopey 1, low mp 1, regeneration 1, weak
1
a: Fly, Divine Shield, Renounce Religion


You were on level 6 of the Lair of Beasts.
You worshipped the Shining One.
The Shining One was most pleased with you.
You were not hungry.

You visited 3 branches of the dungeon, and saw 16 of its levels.

You collected 1430 gold pieces.
You spent 440 gold pieces at shops.

Inventory:

Hand weapons
 a - a +1,+1 trident
 t - a +1,+2 spear
 w - a +3,+2 spear (weapon)
Armour
 b - a +0 pair of gloves (worn)
 c - a +1 shield (worn)
 m - a +0 pair of gloves
 N - a +2 plate armour (worn)
Magical devices
 j - a wand of fireball (2)
 z - a wand of lightning (7)
 E - a wand of lightning (9)
 H - a wand of disintegration (6) {unknown}
Comestibles
 f - a royal jelly
 k - 3 meat rations
 n - a cheese
 s - 6 beef jerkies
 u - 7 strawberries
 F - 2 rotting chunks of blink frog flesh
 I - a honeycomb
 O - a bread ration
Scrolls
 d - 2 scrolls of recharging
 q - 7 scrolls of remove curse
 r - 2 scrolls of amnesia
 M - 2 scrolls of curse armour {unknown}
Jewellery
 e - an uncursed ring of positive energy
 p - an amulet of guardian spirit (around neck)
 v - a +1 ring of dexterity (left hand)
 y - a ring of see invisible (right hand)
 C - an uncursed ring of sustenance {unknown}
 G - an uncursed ring of fire
 J - an uncursed ring of protection from fire {unknown}
 P - a +3 ring of strength {unknown}
Potions
 g - a potion of cure mutation
 h - 4 potions of curing
 l - 4 potions of restore abilities
 x - a potion of paralysis {unknown}
 A - 2 potions of magic
 B - a potion of confusion {unknown}
 D - 3 potions of brilliance
Books
 o - a manual of Polearms
Miscellaneous
 L - a box of beasts


   Skills:
 + Level 9.5 Fighting
 * Level 15.4 Polearms
 + Level 10.5 Armour
 + Level 9.5 Dodging
 + Level 9.4 Shields


You had 12 spell levels left.
You didn't know any spells.

Dungeon Overview and Level Annotations

Branches:
Dungeon (9/16)             Temple (1/1) D:6             Orc (0/4) D:9
   Lair (6/8) D:8           Swamp (0/5) Lair:3       Spider (0/5) Lair:5
  Slime: Lair:6-8

Altars:
Ashenzari
Cheibriados
Elyvilon
Fedhas
Kikubaaqudgha
Makhleb
Nemelex Xobeh
Okawaru
Sif Muna
Trog
Vehumet
Xom
Yredelemnul
Zin
the Shining One

Shops:
D:8 :   D:9 *

Annotations:
D:5 4tharraofdagon's ghost, experienced FoGl
Lair:1 Vidiiot's ghost, experienced OgAr
Lair:3 Nergalle
Lair:5 Maud


Innate Abilities, Weirdness & Mutations

You can fly.
You have a beak for a mouth.
You have claws for feet.
You possess an exceptional clarity of mind.
You are dopey. (Int -2)
Your magical capacity is low (-10% MP).
Your natural rate of healing is unusually fast.
You are weak. (Str -2)


Message History

The death yak gores you!
* * * LOW HITPOINT WARNING * * *
You feel better.
The death yak gores you but does no damage.
You hit the death yak. You claw the death yak.
You peck the death yak, but do no damage.
The death yak is moderately wounded.
You hit the death yak but do no damage.
You claw the death yak, but do no damage.
The death yak is moderately wounded.
The death yak gores you!
* * * LOW HITPOINT WARNING * * *
You hit the death yak but do no damage. You claw the death yak.
You peck the death yak, but do no damage.
The death yak is moderately wounded.
You hit the death yak but do no damage. Your kick misses the death yak.
You peck the death yak, but do no damage.
The death yak is moderately wounded.
The death yak gores you!
You die...

### ## # ### ###.#### ##.#####
#.### #....#.### #####.##.##.
#...###......#@#####.P#........
#............Y##.##...P......#.
#####........###....#.....%.....#
#..##..f#...##...................
..............................#.#
..(.....##..#.......f........###.
.........Y..P..........(...##.##.
..........P.......#....#.##..#...
.......J..#.....f.#...####....#.#


You could see a death yak.

Vanquished Creatures
  A hydra (Lair:3)
  The ghost of Deemzul the Cleaver, an experienced HOFi of Beogh (D:9)
  2 death yaks (Lair:6)
  A giant amoeba (Lair:6)
  A hill giant (D:8)
  2 griffons
  5 elephants (Lair:5)
  2 black mambas
  A feature mimic (D:9)
  7 spiny frogs
  A queen ant (Lair:2)
  2 komodo dragons (Lair:1)
  2 fire drakes
  5 blink frogs
  8 basilisks
  A wyvern (D:9)
  4 yaks
  An elephant slug (Lair:3)
  5 hippogriffs
  7 humans (D:7)
  9 wolves (Lair:3)
  A hill giant skeleton (D:8)
  5 soldier ants (Lair:2)
  6 manticores
  2 orc warriors (D:9)
  2 black bears
  3 ogres
  8 porcupines
  A sky beast (D:8)
  2 ice beasts (D:7)
  8 crocodiles
  2 phantoms
  2 centaurs
  2 giant slugs
  11 giant frogs
  6 water moccasins
  An agate snail (D:6)
  An eye of draining (D:9)
  A manticore zombie (D:9)
  6 insubstantial wisps (Lair:3)
  3 killer bees (D:8)
  A goliath beetle (D:9)
  A yellow wasp zombie (D:8)
  2 crimson imps (D:6)
  10 hounds
  A quasit (D:8)
  A two-headed ogre zombie (D:9)
  A giant frog skeleton (D:5)
  6 orc priests
  7 orc wizards
  6 iguanas
  18 worker ants
  4 sheep (Lair:4)
  2 hound skeletons
  14 adders
  A giant centipede (D:8)
  25 green rats
  An inept feature mimic (D:2)
  2 giant mites
  6 worms
  15 giant geckos
  37 orcs
  6 ball pythons
  20 bats
  21 hobgoblins
  18 jackals
  2 oozes
  12 quokkas
  5 giant cockroaches
  A giant gecko skeleton (D:9)
  3 giant newts
  16 goblins
  A jackal zombie (D:9)
  15 kobolds
  A kobold skeleton (D:4)
  2 kobold zombies (D:8)
  17 rats
  A rat zombie (D:6)
  A spectral orc (Lair:3)
  5 ballistomycetes (D:8)
  2 fungi
451 creatures vanquished.

Vanquished Creatures (others)
  An orc wizard (D:4)
  A worm (D:7)
  A chimera (Lair:5)
  A giant spore (D:8)
  A ballistomycete (D:8)
  A fungus (D:8)
6 creatures vanquished.

Grand Total: 457 creatures vanquished

Notes
Turn   | Place    | Note
--------------------------------------------------------------
     0 | D:1      | HollowCharge, the Tengu Fighter, began the quest for the Orb.
     0 | D:1      | Reached XP level 1. HP: 14/14 MP: 1/1
   188 | D:1      | Reached XP level 2. HP: 19/19 MP: 3/3
   526 | D:1      | Reached XP level 3. HP: 23/23 MP: 4/4
  1211 | D:2      | Reached skill level 1 in Dodging
  1413 | D:2      | Reached XP level 4. HP: 21/28 MP: 5/5
  2974 | D:4      | Reached XP level 5. HP: 27/32 MP: 5/7
  2976 | D:4      | Reached skill level 4 in Armour
  3705 | D:4      | HP: 1/32 [orc priest/divine providence (8)]
  4194 | D:4      | Noticed an ogre
  4223 | D:5      | Entered Level 5 of the Dungeon
  4231 | D:5      | Reached XP level 6. HP: 31/38 MP: 6/8
  4390 | D:5      | Noticed 4tharraofdagon's ghost (experienced FoGl)
  4468 | D:4      | Found a white marble altar of Elyvilon.
  4468 | D:4      | Found a basalt altar of Yredelemnul.
  4481 | D:4      | Became a worshipper of Elyvilon the Healer
  5279 | D:5      | Noticed a centaur
  5292 | D:5      | Killed a centaur
  5293 | D:5      | Reached skill level 5 in Polearms
  5295 | D:5      | Elyvilon protects you from harm!
  5690 | D:6      | Reached XP level 7. HP: 33/43 MP: 9/9
  6187 | D:6      | Reached skill level 5 in Armour
  6410 | D:6      | Found a snail-covered altar of Cheibriados.
  6656 | D:6      | Found a staircase to the Ecumenical Temple.
  6706 | Temple   | Entered the Ecumenical Temple
  6801 | Temple   | Fell from the grace of Elyvilon
  6801 | Temple   | Became a worshipper of the Shining One
  7622 | D:7      | Reached skill level 6 in Polearms
  7622 | D:7      | Reached XP level 8. HP: 40/48 MP: 11/11
  7665 | D:7      | Found a flagged portal.
  8128 | D:7      | Found a radiant altar of Vehumet.
  8171 | D:7      | Reached skill level 5 in Fighting
  8171 | D:7      | Reached skill level 5 in Shields
  8712 | D:7      | Reached skill level 7 in Polearms
  8735 | D:7      | Noticed a human
  8750 | D:7      | Noticed a human
  8825 | D:7      | Killed a human
  8832 | D:7      | Killed a human
  8832 | D:7      | Reached XP level 9. HP: 22/54 MP: 6/12
  9025 | D:7      | Noticed a human
  9052 | D:7      | Killed a human
  9083 | D:7      | Noticed a human
  9084 | D:7      | Noticed a human
  9774 | D:7      | Noticed a human
  9814 | D:7      | Killed a human
  9814 | D:7      | Reached skill level 8 in Polearms
  9814 | D:7      | Reached skill level 5 in Dodging
  9862 | D:7      | Killed a human
 10049 | D:7      | Noticed a human
 10060 | D:7      | Killed a human
 10096 | D:7      | Killed a human
 10326 | D:8      | Found a staircase to the Lair.
 10326 | D:8      | Noticed a wandering mushroom
 10699 | D:8      | Found Zurhor Amefa's Book Shop.
 11235 | D:8      | Reached skill level 9 in Polearms
 11235 | D:8      | Reached XP level 10. HP: 60/60 MP: 13/13
 11510 | D:8      | Acquired the Shining One's first power
 11870 | D:9      | Noticed a hill giant
 11889 | D:8      | Killed a hill giant
 12312 | D:8      | Reached skill level 10 in Polearms
 12344 | D:9      | Noticed Deemzul's ghost (experienced HOFi)
 12401 | D:9      | Killed Deemzul's ghost
 12730 | D:9      | Found Omnempeff's Hallowed Reliquary.
 12732 | D:9      | Found a white marble altar of Elyvilon.
 12734 | D:9      | Noticed an angel
 12741 | D:9      | Bought a potion of heal wounds for 30 gold pieces
 12741 | D:9      | Bought 2 potions of heal wounds for 60 gold pieces
 12741 | D:9      | Bought a potion of cure mutation for 350 gold pieces
 12744 | D:9      | Gained mutation: You are weak. (Str -2) [potion of mutation]
 12744 | D:9      | Gained mutation: Your natural rate of healing is unusually fast. [potion of mutation]
 12744 | D:9      | Gained mutation: You possess an exceptional clarity of mind. [potion of mutation]
 12745 | D:9      | Gained mutation: Your magical capacity is low (-10% MP). [potion of mutation]
 12745 | D:9      | Gained mutation: You are dopey. (Int -2) [potion of mutation]
 12870 | D:9      | Found a staircase to the Orcish Mines.
 13362 | Lair:1   | Entered Level 1 of the Lair of Beasts
 13375 | Lair:1   | Reached XP level 11. HP: 67/67 MP: 13/13
 13753 | Lair:1   | Noticed Vidiiot's ghost (experienced OgAr)
 14114 | Lair:2   | Reached skill level 11 in Polearms
 14838 | Lair:2   | Acquired the Shining One's second power
 15530 | Lair:3   | Reached skill level 12 in Polearms
 15968 | Lair:3   | Noticed Nergalle
 15970 | Lair:3   | Noticed a four-headed hydra
 16126 | Lair:3   | Found a staircase to the Swamp.
 16239 | Lair:3   | Killed a four-headed hydra
 16288 | Lair:3   | Reached XP level 12. HP: 67/75 MP: 14/14
 16355 | Lair:4   | Reached skill level 13 in Polearms
 18094 | Lair:5   | Reached skill level 14 in Polearms
 18450 | Lair:4   | Reached skill level 10 in Armour
 19200 | Lair:5   | Noticed Maud
 19545 | Lair:5   | Found a hole to the Spider Nest.
 19795 | Lair:6   | Reached skill level 15 in Polearms
 20338 | Lair:6   | Noticed a death yak
 20338 | Lair:6   | Noticed a death yak
 20340 | Lair:6   | Noticed a death yak
 20404 | Lair:6   | Killed a death yak
 20404 | Lair:6   | Reached XP level 13. HP: 30/80 MP: 2/15
 20431 | Lair:6   | Killed a death yak
 20435 | Lair:6   | HP: 3/80 [death yak (13)]
 20440 | Lair:6   | Demolished by a death yak

Action                   |  1- 3 |  4- 6 |  7- 9 | 10-12 | 13-15 || total
-------------------------+-------+-------+-------+-------+-------++-------
Melee: Trident           |    90 |   198 |   256 |   517 |       ||  1061
       Spear             |       |       |   317 |   974 |    33 ||  1324
Evoke: Wand              |       |       |     3 |     9 |       ||    12
       box of beasts     |       |       |       |     4 |       ||     4
  Use: Scroll            |     5 |     4 |    18 |     9 |       ||    36
       Potion            |       |     3 |       |    16 |     3 ||    22
